 Dungeon Crawl Stone Soup version 0.30.1-4-g462c640d31 (webtiles) character file.

Game seed: 14883570951208039710

14683 Peloso the Blocker (level 11, -7/95 HPs)
             Began as a Minotaur Fighter on Aug 10, 2023.
             Was an Elder of Okawaru.
             Killed from afar by Lodul (31 damage)
             ... with a bolt of lightning
             ... on level 11 of the Dungeon.
             The game lasted 00:31:54 (15209 turns).

Peloso the Blocker (Minotaur Fighter)              Turns: 15209, Time: 00:31:54

Health: -7/95      AC: 21    Str: 23    XL:     11   Next: 91%
Magic:  10/10      EV:  7    Int:  5    God:    Okawaru [****..]
Gold:   473        SH: 17    Dex: 12    Spells: 10/10 levels left

rFire   + . .        a - +3 scimitar
rCold   . . .        d - +0 tower shield
rNeg    . . .        c - +0 plate armour
rPois   .            (helmet restricted)
rElec   .            p - +0 cloak
rCorr   .            m - +1 pair of gloves
SInv    .            k - +1 pair of boots
Will    .....        (no amulet) Stlth
                     r - ring of protection from fire
HPRegen 0.35/turn    E - ring of flight
MPRegen 0.12/turn

%: no passive effects
@: flying
A: horns 2, retaliatory headbutt
a: Renounce Religion, Heroism, Finesse


You were on level 11 of the Dungeon.
You worshipped Okawaru.
Okawaru was greatly pleased with you.
You visited 2 branches of the dungeon, and saw 12 of its levels.
You also visited: Sewer and Bailey.

You collected 643 gold pieces.
You spent 170 gold pieces at shops.

Inventory:

Hand Weapons
 a - a +3 scimitar (weapon)
 b - a +0 whip of flaming
 N - the +5 hand axe of Past Mistakes {flame, rF+ Int-5 Dex+7 Stlth+}
   (You found it on level 10 of the Dungeon)

   Int:       It affects your intelligence (-5).
   Dex:       It affects your dexterity (+7).
   rF:        It protects you from fire.
   Stlth:     It makes you more stealthy.
Armour
 c - a +0 plate armour (worn)
 d - a +0 tower shield (worn)
 k - a +1 pair of boots (worn)
 m - a +1 pair of gloves (worn)
 p - a +0 cloak (worn)
Jewellery
 g - a ring of resist corrosion
 r - a ring of protection from fire (left hand)
 E - a ring of flight (right hand)
 G - a ring of poison resistance
Wands
 o - a wand of polymorph (3)
 C - a wand of acid (1)
 F - a wand of iceblast (12)
 K - a wand of flame (19)
Scrolls
 e - 6 scrolls of teleportation
 h - 3 scrolls of enchant weapon
 i - 3 scrolls of fog
 n - a scroll of summoning {unknown}
 q - 2 scrolls of enchant armour
 y - 3 scrolls of magic mapping
 A - 3 scrolls of blinking
 B - 5 scrolls of fear
 H - 4 scrolls of immolation {unknown}
 I - a scroll of amnesia {unknown}
 O - 2 scrolls of acquirement
Potions
 f - 3 potions of might
 j - 8 potions of curing
 l - 4 potions of magic
 s - a potion of attraction
 t - 2 potions of lignification
 u - 3 potions of berserk rage
 v - 3 potions of haste
 x - 3 potions of ambrosia
 z - a potion of brilliance
 D - 2 potions of mutation
 L - 2 potions of heal wounds
 M - a potion of cancellation {unknown}
 P - a potion of invisibility {unknown}


   Skills:
 + Level 8.3 Fighting
 + Level 12.8 Long Blades
 + Level 11.6 Armour
 + Level 3.6 Dodging
 + Level 1.7 Stealth
 + Level 13.4 Shields
 + Level 1.2 Invocations
 + Level 1.4 Evocations


You had 10 spell levels left.
You didn't know any spells.
Your spell library contained the following spells:

 Spells                   Type           Power      Damage    Failure   Level
 Kiss of Death            Conj/Necr      0%         2d5       100%        1
 Sandblast                Erth           0%         2d4       100%        1
 Slow                     Hex            0%         N/A       100%        1
 Ensorcelled Hibernation  Hex/Ice        0%         N/A       100%        2
 Confusing Touch          Hex            0%         N/A       100%        3
 Inner Flame              Hex/Fire       0%         N/A       100%        3
 Spider Form              Tmut/Pois      0%         N/A       100%        3
 Anguish                  Hex/Necr       0%         N/A       100%        4
 Dispel Undead            Necr           0%         3d6       100%        4
 Flame Wave               Conj/Fire      0%         2d4       100%        4
 Sticky Flame             Conj/Fire      0%         2d3       100%        4
 Borgnjor's Vile Clutch   Necr/Erth      0%         N/A       100%        5
 Plasma Beam              Fire/Air       0%         2x1d11    100%        6
 Storm Form               Tmut/Air       0%         N/A       100%        7
 Polar Vortex             Ice            0%         N/A       100%        9
 Animate Armour           Summ/Erth      Unusable   N/A       N/A         4

Dungeon Overview and Level Annotations

Branches:
Dungeon (11/15)            Temple (1/1) D:4            Lair (0/5) D:8
  Sewer (visited)          Bailey (visited)
    Orc: D:9-12

Altars:
Ashenzari
Cheibriados
Dithmenos
Elyvilon
Fedhas
Gozag
Hepliaklqana
Kikubaaqudgha
Makhleb
Nemelex Xobeh
Okawaru
Qazlal
Ru
Sif Muna
Trog
Uskayaw
Vehumet
Wu Jian
Xom
Yredelemnul
Zin

Shops:
D:8 ?

Annotations:
D:2 1 runed translucent door, Crazy Yiuf
D:3 3 runed translucent doors, FishyPogo's ghost, amateur DrIE; GeoRichter's ghost, amateur DEFE; Quickbrownfox's ghost, amateur DsCj
D:11 Lodul


Innate Abilities, Weirdness & Mutations

You have a pair of horns on your head.
You reflexively headbutt those who attack you in melee.


Message History

j - 8 potions of curing (gained 1)
You see here a basilisk corpse.
Unknown command.
You see here a basilisk corpse.
K - a wand of flame (12) (gained 11 charges)
You see here a basilisk corpse.
K - a wand of flame (19) (gained 7 charges)
An ogre comes into view. It is wielding a +0 giant club.
An ogre is nearby!
An ogre comes into view. It is wielding a +0 giant club.
The ogre shouts!
You hear a shout!
An ogre comes into view. It is wielding a +0 giant club. x2
The ogre shouts!
Lodul and an ogre come into view.
Lodul is wielding a +4 dire flail of holy wrath.
Found a potion of berserk rage.
Lodul shouts!
The ogre shouts!
You hear a shout!
An ogre comes into view. It is wielding a +0 giant club.
You hear a shout!
An ogre comes into view. It is wielding a +0 giant spiked club.
Found a scroll labelled FUPTEOM KI DELO.
The ogre shouts!
The ogre completely misses you.
Lodul grins wickedly and says, "Money make world go round."
Electricity crackles from Lodul's apparatus.
The bolt of lightning hits you!!
Electricity crackles from Lodul's apparatus.
The bolt of lightning hits you!!! The ogre attacks as you move away!
The ogre completely misses you. You furiously retaliate!
You headbutt the ogre.
Electricity crackles from Lodul's apparatus.
The bolt of lightning hits you!
* * * LOW HITPOINT WARNING * * *
There is an escape hatch in the floor here.
Electricity crackles from Lodul's apparatus.
The bolt of lightning hits you.
* * * LOW HITPOINT WARNING * * *
Electricity crackles from Lodul's apparatus.
The bolt of lightning hits you!!
You die...

###### ### #############
...... ... ...........
...... .... #........#
...... .....#........#
..>... .....#........###
...... ........@........
#'####
#...........##########
..
#.##...O....#........+
.. .##....O.O.#........#
####
#...........#....##..#
...#
###+####....OO.......##.
...+ #.#.O..........#.
##.# #................
...#
#####................


You could see Lodul and 5 ogres.

Vanquished Creatures
  A centaur warrior (D:11)
  A two-headed ogre (D:11)
  An orc high priest (Bailey)
  An orc knight (Bailey)
  An orc sorcerer (Bailey)
  A cyclops (D:11)
  A gargoyle (D:11)
  2 kobold demonologists (D:11)
  An unseen horror (D:10)
  Psyche (D:9)
  Prince Ribbit (D:9)
  A hornet (D:8)
  A shadow (D:11)
  A vampire (D:10)
  2 wraiths (D:11)
  Sigmund (D:6)
  20 yaks
  A steam dragon (D:8)
  A basilisk (D:11)
  Menkaure (D:6)
  Edmund (D:6)
  2 acid dragons
  A water moccasin (D:6)
  Duvessa (D:5)
  12 orc warriors
  2 sky beasts
  An ice beast (D:4)
  2 ogres
  3 centaurs
  8 kobold brigands
  9 scorpions
  Dowan (D:5)
  13 wights
  7 killer bees
  2 vampire bats (D:6)
  9 electric eels
  3 howler monkeys (D:9)
  8 orc priests
  2 hounds (D:6)
  6 jellies
  A gnoll bouda (D:8)
  4 orc wizards
  Terence (D:2)
  A hell rat (D:8)
  14 gnolls
  14 adders
  3 river rats
  A shadow imp (D:7)
  2 white imps (D:7)
  An ufetubus (D:7)
  4 worms
  3 dart slugs
  38 orcs
  11 bats
  7 endoplasms
  2 giant cockroaches
  9 goblins
  11 hobgoblins
  2 jackals (Sewer)
  5 quokkas
  5 ball pythons
  7 frilled lizards
  14 kobolds
  16 rats
310 creatures vanquished.

Vanquished Creatures (others)
  3 orc wizards
  2 kobolds (D:9)
5 creatures vanquished.

Grand Total: 315 creatures vanquished

Notes
Turn   | Place    | Note
-------+----------+-------------------------------------------
     0 | D:1      | Peloso the Minotaur Fighter began the quest for the Orb.
     0 | D:1      | Reached XP level 1. HP: 19/19 MP: 0/0
   276 | D:1      | Reached skill level 4 in Shields
   306 | D:1      | Reached XP level 2. HP: 27/27 MP: 1/1
   450 | D:1      | Got Sif Muna's Quarto of the Hindering Brume
  1119 | D:2      | Reached XP level 3. HP: 33/33 MP: 2/2
  1154 | D:2      | Noticed Terence
  1165 | D:2      | Killed Terence
  1332 | D:2      | Reached XP level 4. HP: 40/40 MP: 3/3
  1607 | D:2      | Found a runed translucent door.
  1608 | D:2      | Noticed Crazy Yiuf
  2121 | D:3      | Found a bloodstained altar of Trog.
  2246 | D:3      | Found a runed translucent gate.
  2246 | D:3      | Found a runed translucent gate.
  2246 | D:3      | Found a runed translucent gate.
  2250 | D:3      | Noticed FishyPogo's ghost (amateur DrIE)
  2250 | D:3      | Noticed GeoRichter's ghost (amateur DEFE)
  2250 | D:3      | Noticed Quickbrownfox's ghost (amateur DsCj)
  2778 | D:4      | Found a white marble altar of Elyvilon.
  3042 | D:4      | Reached skill level 5 in Armour
  3107 | D:4      | Found a staircase to the Ecumenical Temple.
  3168 | Temple   | Entered the Ecumenical Temple
  3201 | Temple   | Became a worshipper of Warmaster Okawaru
  3280 | D:4      | Reached XP level 5. HP: 44/46 MP: 4/4
  3305 | D:4      | Noticed an ice beast
  3315 | D:4      | Killed an ice beast
  3761 | D:5      | Entered Level 5 of the Dungeon
  3762 | D:5      | Noticed Duvessa
  3762 | D:5      | Noticed Dowan
  3827 | D:5      | Reached XP level 6. HP: 35/52 MP: 5/5
  3921 | D:5      | Reached skill level 5 in Long Blades
  3997 | D:5      | Reached * piety under Okawaru
  3998 | D:5      | Reached skill level 5 in Shields
  4096 | D:5      | Found a snail-covered altar of Cheibriados.
  4135 | D:5      | Reached skill level 1 in Dodging
  4135 | D:5      | Reached XP level 7. HP: 17/60 MP: 6/6
  4137 | D:5      | HP: 3/60 [gnoll/+0 flail (2)]
  4321 | D:5      | Killed Duvessa
  4325 | D:5      | Killed Dowan
  4488 | D:5      | Found an ancient bone altar of Kikubaaqudgha.
  4488 | D:5      | Found a shimmering altar of Xom.
  4595 | D:5      | Found a sacrificial altar of Ru.
  4906 | D:6      | Reached skill level 6 in Shields
  4972 | D:6      | Noticed Edmund
  4999 | D:6      | Killed Edmund
  4999 | D:6      | Reached ** piety under Okawaru
  5000 | D:6      | Reached XP level 8. HP: 44/67 MP: 7/7
  5073 | D:6      | Found a glowing drain.
  5081 | Sewer    | Entered a sewer
  5225 | Sewer    | Reached skill level 5 in Fighting
  5255 | Sewer    | Reached skill level 7 in Shields
  6211 | D:6      | Identified the +1 spear "Goblin's Foe" {heavy, rF+ rC+}
  6294 | D:6      | Noticed Menkaure
  6315 | D:6      | Killed Menkaure
  6316 | D:6      | Reached skill level 8 in Shields
  6508 | D:6      | Noticed Sigmund
  6532 | D:6      | Killed Sigmund
  6533 | D:6      | Reached XP level 9. HP: 42/74 MP: 0/8
  6784 | D:6      | Reached skill level 9 in Shields
  6943 | D:6      | Reached *** piety under Okawaru
  7867 | D:7      | Found a hide-covered altar of Uskayaw.
  8899 | D:8      | Reached skill level 10 in Shields
  8963 | D:8      | Found a stormy altar of Qazlal.
  9190 | D:8      | Noticed a death yak
  9200 | D:8      | Noticed a death yak
  9201 | D:8      | Noticed a death yak
  9449 | D:7      | Reached XP level 10. HP: 24/83 MP: 9/9
  9650 | D:8      | Found Unehauka's Magic Scroll Emporium.
  9678 | D:8      | Bought a scroll of magic mapping for 75 gold pieces
  9678 | D:8      | Bought a scroll of blinking for 75 gold pieces
  9678 | D:8      | Bought a scroll of identify for 20 gold pieces
  9716 | D:8      | Found a staircase to the Lair.
  9856 | D:8      | Reached skill level 11 in Shields
 10329 | D:8      | Reached skill level 10 in Armour
 10337 | D:8      | Reached **** piety under Okawaru
 10338 | D:8      | Reached skill level 1 in Stealth
 10587 | D:9      | Reached skill level 10 in Long Blades
 10653 | D:9      | Noticed Prince Ribbit
 10667 | D:9      | Killed Prince Ribbit
 10670 | D:9      | Noticed Psyche
 10701 | D:9      | Killed Psyche
 10895 | D:9      | Found a broken altar of Ashenzari.
 11128 | D:10     | Entered Level 10 of the Dungeon
 11132 | D:10     | Found a flagged portal.
 11161 | D:10     | Found a radiant altar of Vehumet.
 11229 | D:10     | Identified the +5 hand axe of Past Mistakes {flame, rF+
                  | Int-5 Dex+7 Stlth+}
 11233 | Bailey   | Entered a bailey
 11767 | Bailey   | Noticed an orc high priest
 11769 | Bailey   | Noticed a rust devil
 11786 | Bailey   | Killed an orc high priest
 11787 | Bailey   | Reached skill level 12 in Shields
 12132 | Bailey   | Reached skill level 1 in Evocations
 12416 | Bailey   | Reached XP level 11. HP: 74/92 MP: 10/10
 12456 | Bailey   | Noticed an orc knight
 12477 | Bailey   | Killed an orc knight
 12759 | Bailey   | Identified the +0 leather armour of the Unstoppable Dances
                  | {Rampage Str+3 Stlth+}
 12762 | Bailey   | Found an iron altar of Okawaru.
 12762 | Bailey   | Noticed an orc sorcerer
 12776 | Bailey   | Noticed a sixfirhy
 12858 | Bailey   | Killed an orc sorcerer
 12993 | Bailey   | Got Fesadwoa's Cyclopedia of Sandy Cold
 13906 | D:10     | Found a hazy altar of Hepliaklqana.
 13907 | D:10     | Found a shadowy altar of Dithmenos.
 14234 | D:11     | Noticed a sixfirhy
 14236 | D:11     | Reached skill level 1 in Invocations
 14270 | D:11     | Received a gift from Okawaru
 14587 | D:11     | Noticed a two-headed ogre
 14599 | D:11     | Killed a two-headed ogre
 14600 | D:11     | Reached skill level 13 in Shields
 14799 | D:11     | Noticed a centaur warrior
 14841 | D:11     | Killed a centaur warrior
 15176 | D:11     | Noticed Lodul
 15209 | D:11     | Killed from afar by Lodul

Illustrated notes

Levels and vault maps discovered:
D:1:      dpeg_arrival_three_smaller_balls, layout_basic,
          chequers_serial_rivers_micro_a
D:2:      layout_basic, uniq_terence, uniq_crazy_yiuf_cottage
D:3:      layout_basic, mainiacjoe_overflow_tiny_flanked,
          gammafunk_ghost_cemetery
D:4:      layout_loops_corners, elyvilon_altar_5, minmay_temple_entry_mist
D:5:      layout_gridville, kennysheep_slug_shrine,
          nicolae_ru_the_path_less_chosen, gammafunk_temple_overflow_statue,
          uniq_duvessa
D:6:      hellmonk_ruined_rings, layout_rooms, lightli_sewer_entry_pipes,
          serial_bayou_pond_b, corexii_checkpoint_b, grunt_ministairs_10,
          nicolae_zen_rock_garden, chequers_serial_rivers_small_3,
          roderic_roman_lattice, roderic_batcave, uniq_menkaure, uniq_sigmund,
          uniq_edmund
D:7:      lemuel_ice_spiral_2, layout_basic, eat_drink_and_be_merry_uskayaw
D:8:      layout_rooms, mainiacjoe_overflow_six_doors_small, dpeg_lair_monsters,
          serial_shops, shop
D:9:      layout_cave_pools, lemuel_doored_altar, serial_bayou_pond_c,
          uniq_psyche, uniq_prince_ribbit1
D:10:     layout_basic, riverfiend_overflow_shadow_ancestor,
          vehumet_altar_wand_db, enter_bailey_2,
          hangedman_decor_clover_reticule, hangedman_decor_opposing
D:11:     layout_stronghold, serial_glass, glass_columns_b, glass_columns_a,
          disabler_island, uniq_lodul
Temple:   eino_wide_crystal_templ

Skill      XL: |  1  2  3  4  5  6  7  8  9 10 11 |
---------------+----------------------------------+-----
Shields        | 4 5 6 8 10 12 13 | 13.4
Armour         | 4 5 6 7 8 9 10 11 | 11.6
Long Blades    | 3 4 5 6 7 9 11 12 | 12.8
Fighting       | 4 5 6 7 8 |  8.3
Dodging        | 1 2 3 |  3.6
Stealth        | 1 |  1.7
Evocations     | 1 |  1.4
Invocations    | 1 |  1.2

Action                     |  1- 3 |  4- 6 |  7- 9 | 10-12 || total
---------------------------+-------+-------+-------+-------++-------
  Melee: Long sword        |    68 |   109 |   576 |    35 ||   788
         Headbutt          |     4 |    20 |   115 |   107 ||   246
         Scimitar          |       |       |       |   499 ||   499
 Invoke: Heroism           |       |       |     4 |    20 ||    24
  Evoke: Wand              |       |       |     2 |    30 ||    32
    Use: Potion            |       |     3 |     4 |     1 ||     8
         Scroll            |       |     1 |     3 |     9 ||    13
 Armour: Scale mail        |    13 |       |       |       ||    13
         Chain mail        |    32 |    66 |   312 |   104 ||   514
         Plate armour      |       |       |       |    86 ||    86
  Dodge: Dodged            |    36 |    28 |   129 |    91 ||   284
  Block: Buckler           |    15 |    11 |       |       ||    26
         Tower shield      |       |    50 |   502 |   496 ||  1048
